 Dungeon Crawl Stone Soup version 0.23-a0-487-gc6253629db (webtiles) character file.

329 Napalmbreeze the Chiller (level 6, -1/41 HPs)
             Began as a Barachi Ice Elementalist on Dec 1, 2018.
             Killed by divine providence
             ... invoked by an orc priest
              (11 damage)
             ... on level 4 of the Dungeon.
             The game lasted 00:08:20 (3243 turns).

Napalmbreeze the Chiller (Barachi Ice Elementalist) Turns: 3243, Time: 00:08:20

Health: -1/41      AC:  5    Str:  9    XL:     6   Next: 51%
Magic:  5/11       EV: 12    Int: 17    God:
Gold:   69         SH:  0    Dex: 13    Spells: 5/12 levels left

rFire    . . .     SeeInvis .   j - +2 whip (drain)
rCold    . . .     Gourm    .   (no shield)
rNeg     . . .     Faith    .   t - +0 robe (curse)
rPois    .         Spirit   .   m - +2 helmet
rElec    .         Reflect  .   (no cloak)
rCorr    +         Harm     .   (no gloves)
MR       .....                  (no boots)
Stlth    ++........             (no amulet)
HPRegen  0.13/turn              f - ring of resist corrosion
MPRegen  0.12/turn              o - ring of wizardry

@: slow
A: +LOS, swims, slowness 1, strong legs 1
a: Hop


You were on level 4 of the Dungeon.
You were not hungry.

You visited 1 branch of the dungeon, and saw 4 of its levels.

You collected 69 gold pieces.

Inventory:

Hand Weapons
 j - a +2 whip of draining (weapon)
Armour
 m - a +2 helmet (worn)
 t - a cursed +0 robe (worn)
Jewellery
 f - a ring of resist corrosion (left hand)
 o - a ring of wizardry (right hand)
Scrolls
 a - a scroll of amnesia {unknown}
 d - a scroll of enchant weapon {unknown}
 e - a scroll of random uselessness {unknown}
 g - 2 scrolls of blinking {unknown}
 i - 6 scrolls of identify {unknown}
 n - a scroll of fog {unknown}
 q - 3 scrolls of remove curse {unknown}
 r - 2 scrolls of fear {unknown}
 u - a scroll of teleportation {unknown}
Potions
 b - a potion of heal wounds {unknown}
 h - a potion of haste {unknown}
 l - a potion of curing
 p - a potion of magic {unknown}
 s - a potion of degeneration {unknown}
 v - a potion of might {unknown}
Comestibles
 c - 7 rations


   Skills:
 - Level 2.1 Dodging
 - Level 1.7 Stealth
 + Level 3.9 Spellcasting
 - Level 1.1 Conjurations
 * Level 4.1 Summonings
 + Level 6.0 Ice Magic


You had 5 spell levels left.
You knew the following spells:

 Your Spells              Type           Power        Failure   Level  Hunger
a - Freeze                Ice            ###.         1%          1    None
q - Summon Ice Beast      Ice/Summ       ###.....     8%          4    ####...
s - Throw Frost           Conj/Ice       ###...       2%          2    ##.....

Your spell library contained the following spells:

 Spells                   Type           Power        Failure   Level  Hunger
 Ozocubu's Armour         Chrm/Ice       ##......     6%          3    ###....
 Throw Icicle             Conj/Ice       ###.....     14%         4    ####...


Dungeon Overview and Level Annotations

Branches:
Dungeon (4/15)
 Temple: D:4-7

Altars:
Makhleb
Nemelex Xobeh


Innate Abilities, Weirdness & Mutations

Shadows flee at your approach. (+LOS)
You can swim through water.
You cover ground slowly.
You can hop short distances.


Message History

Unknown command.
The orc priest invokes the aid of Beogh against you.
Beogh smites you!
* * * LOW HITPOINT WARNING * * *
Something hits you but does no damage.
Unknown command.
It was a potion of curing.
You feel better.
The orc priest mumbles some strange prayers to Beogh against you.
Beogh smites you!
* * * LOW HITPOINT WARNING * * *
Something hits you.
* * * LOW HITPOINT WARNING * * *
You swap places.
The orc priest miscasts a cantrip.
Something hits your ice beast but does no damage.
You feel better. Something hits your ice beast.
Unknown command.
The orc priest calls down the wrath of Beogh upon you.
Beogh smites you!
You die... #........# #.######.# #.######.# .######### #.#...##.# hhhooo.oo#

#.#.#..... #)#
#.#...##.# #Y#
#.##.###.# #.#
#.##.###.# #@#
#........# #.#
####.##### ###.######
#.# #........# #.#
#.#...##.# #.#
#.###.##.# #.#####
#.###.##.# ##<#....
#.....(..# #.....#.
####....########.#....


You could see an orc priest, an orc and a friendly ice beast.

Vanquished Creatures
  An orc priest (D:3)
  Robin (D:2)
  5 adders
  A worm (D:2)
  2 dart slugs
  A leopard gecko (D:1)
  7 orcs
  A giant cockroach (D:2)
  14 goblins
  6 hobgoblins
  9 jackals
  3 quokkas
  2 ball pythons (D:2)
  9 kobolds
  5 rats
67 creatures vanquished.

Vanquished Creatures (collateral kills)
  A sky beast (D:3)
  A phantom (D:4)
  A centaur skeleton (D:4)
3 creatures vanquished.

Grand Total: 70 creatures vanquished

Notes
Turn   | Place    | Note
-------+----------+-------------------------------------------
     0 | D:1      | Napalmbreeze the Barachi Ice Elementalist began the quest
                  | for the Orb.
     0 | D:1      | Reached XP level 1. HP: 13/13 MP: 3/3
    76 | D:1      | Reached skill level 4 in Ice Magic
   373 | D:1      | Reached XP level 2. HP: 19/19 MP: 1/5
  1236 | D:2      | Noticed Robin
  1246 | D:1      | Reached XP level 3. HP: 24/24 MP: 7/7
  1335 | D:2      | Killed Robin
  1345 | D:2      | Reached skill level 5 in Ice Magic
  1401 | D:2      | Learned a level 2 spell: Throw Frost
  1415 | D:2      | Reached XP level 4. HP: 24/30 MP: 3/8
  1452 | D:2      | Learned a level 4 spell: Summon Ice Beast
  1897 | D:2      | Reached skill level 1 in Summonings
  2043 | D:3      | Noticed a sky beast
  2065 | D:3      | Killed a sky beast
  2065 | D:3      | Reached XP level 5. HP: 26/35 MP: 6/10
  2468 | D:3      | Found a burning altar of Makhleb.
  2476 | D:3      | Reached XP level 6. HP: 35/41 MP: 0/11
  2894 | D:4      | Found a sparkling altar of Nemelex Xobeh.
  3061 | D:4      | Noticed a phantom
  3118 | D:4      | Killed a phantom
  3118 | D:4      | Reached skill level 6 in Ice Magic
  3243 | D:4      | Killed from afar by an orc priest

Vault maps used:
D:1:      mushboom_english_gardens, serial_bayou_pond_a
D:2:      uniq_robin
D:3:      lemuel_doored_altar, first_ration
D:4:      gammafunk_ghost_split, nemelex_spade_bored_becter

Skill      XL: |  1  2  3  4  5  6 |
---------------+-------------------+-----
Ice Magic      | 4 5 6 |  6.0
Spellcasting   | 3 |  3.9
Summonings     | 2 3 4 |  4.1
Dodging        | |  2.1
Stealth        | |  1.7
Conjurations   | |  1.1

Action                   |  1- 3 |  4- 6 || total
-------------------------+-------+-------++-------
Melee: Club              |    19 |       ||    19
       Whip              |    22 |   124 ||   146
 Cast: Freeze            |    23 |    13 ||    36
       Throw Frost       |     2 |    18 ||    20
       Summon Ice Beast  |       |     6 ||     6
  Use: Potion            |       |     2 ||     2
 Stab: Sleeping          |     1 |     2 ||     3
  Eat: Chunk             |     2 |     9 ||    11
Armor: Robe              |    11 |    42 ||    53
Dodge: Dodged            |    41 |    76 ||   117

Table legend:
 A = Non-vault XP
 B = Vault XP
 C = Vault XP percentage of total XP
 D = Non-vault monster count
 E = Vault monster count
 F = Vault count percentage of total count
                 A         B        C        D         E       F
            +---------+---------+-------+---------+---------+-------
      Total |     433 |      38 |   8.1 |      58 |      12 |  17.1
            +---------+---------+-------+---------+---------+-------
        D:1 |      33 |       2 |   5.7 |      18 |       1 |   5.3
        D:2 |      49 |      36 |  42.4 |      13 |      11 |  45.8
        D:3 |     221 |       0 |   0.0 |      18 |       0 |   0.0
        D:4 |     130 |       0 |   0.0 |       9 |       0 |   0.0
            +---------+---------+-------+---------+---------+-------
